Unix NetHack Version 3.7.0-59 Work-in-progress - last build Jun 21 2022 21:34:18 (82e59222e4b6558e33156aede0636042c14940b8,branch:master). Game began 2022-06-23 15:22:15, ended 2022-06-23 16:03:45. pescepalla, neutral male gnomish Healer --- -------.-- ----- ---- --- ---........| ----...---- -).| ---.. ---.-- ---.........----------.|.....|.--- --...------.... --....---.........^......................------- |......))...... |...)................--------...............** ---).--------.. |.....................-------)....[...... ----....-...| |..........)......<........^).......|.--...| ----....)| |..........[........>...--..[......------..| --..--..---- --....----.....^.............|.--..| |.-- |.....[.)).| --- --...| --.................--------- --.-- --.[.......--..-- -------............----..| |...-- |..............-- |.............| ------ * |....| |..|............| ---..........-.-| --.----- |....| |.-|......---...| |.......-.......| --...--.-- ---...-- |. ---. --.-- ---.---...........| |........----.....--- |. --- --.^.--|...........-- |.........--........---- |..--..--...........| ---..................| |..||.....|......|.-- ---.............|.-- ------------.|..---- --.---.|..|..---- ------ --- --------- Pescepalla the Rhizotomist St:8 Dx:12 Co:16 In:10 Wi:16 Ch:16 Neutral Dlvl:5 $:0 HP:0(20) Pw:6(6) AC:-4 Exp:1 T:5379 Starved Deaf Latest messages: The large dog bites the giant rat. The giant rat misses the large dog. The giant rat bites! The large dog misses the giant rat. The giant rat bites! The large dog bites the giant rat. The giant rat is killed! The large dog eats a giant rat corpse. You regain consciousness. You can hear again. You faint from lack of food. You regain consciousness. You can hear again. You faint from lack of food. You regain consciousness. You see here a dagger. You can hear again. You faint from lack of food. You regain consciousness. You swap places with your large dog. You can hear again. You faint from lack of food. You regain consciousness. You see here a dagger. You swap places with your large dog. You faint from lack of food. You regain consciousness. You can hear again. You faint from lack of food. The werejackal throws a dagger! It misses. You regain consciousness. You can hear again. You faint from lack of food. You regain consciousness. You faint from lack of food. The werejackal throws a dagger! The large dog is hit. The werejackal changes into a jackal. You regain consciousness. You faint from lack of food. You regain consciousness. You can hear again. You faint from lack of food. The large dog steps reluctantly over something. You regain consciousness. You can hear again. You faint from lack of food. You die from starvation. Do you want your possessions identified? [ynq] (y) Major events: Turn 1: pescepalla the neutral male gnomish Healer entered the dungeon 1273: entered the Gnomish Mines 2222: reached Mine Town 5379: died of starvation, while fainted Inventory: Weapons Z - 9 +4 darts y - 11 +0 darts F - 12 +0 darts L - a +0 dagger s - a +0 elven dagger (weapon in hand) x - 2 +0 elven daggers Armor n - an uncursed +0 helmet (being worn) b - an uncursed +1 pair of leather gloves (being worn) J - an uncursed +3 pair of iron shoes (being worn) A - an uncursed +0 cloak of invisibility (being worn) M - an uncursed +0 elven mithril-coat (being worn) Potions t - an uncursed potion of confusion Wands f - a wand of sleep (0:5) Tools S - an uncursed bag of holding containing 9 items I - an uncursed figurine of a brown mold H - an uncursed leash D - an uncursed oil lamp c - an uncursed stethoscope r - an uncursed tin whistle T - an uncursed tin whistle Gems/Stones C - an uncursed emerald v - an uncursed worthless piece of green glass K - an uncursed worthless piece of orange glass w - 3 uncursed worthless pieces of white glass B - an uncursed worthless piece of yellow glass Contents of the bag of holding: an uncursed scroll of teleportation an uncursed scroll of identify an uncursed scroll of punishment a blessed scroll of confuse monster an uncursed scroll of remove curse 4 uncursed potions of healing a cursed jet stone 2 uncursed fluorite stones a cursed worthless piece of orange glass Pescepalla the Healer's attributes: Background: You were a Rhizotomist, a level 1 male gnomish Healer. You were neutral, on a mission for Hermes who was opposed by Athena (lawful) and Poseidon (chaotic). You were in the Gnomish Mines, on level 5. You entered the dungeon 5379 turns ago. You had 18 experience points, 2 more were needed to attain level 2. Basics: You had 0 out of 20 hit points. You had all 6 energy points (spell power). Your armor class was -4. Your wallet was empty. Autopickup was on for '$=?"/!%' plus thrown, with exceptions. Final Characteristics: Your strength was 8 (base:9, limit:18/50). Your dexterity was 12 (limit:18). Your constitution was 16 (limit:18). Your intelligence was 10 (limit:19). Your wisdom was 16 (limit:18). Your charisma was 16 (limit:18). Final Status: You were deaf. You were starved. You were unencumbered. You were wielding a dagger. You were unskilled in dagger. Final Attributes: You were devoutly aligned. You were poison resistant. You had infravision. You were invisible. You aggravated monsters. You were guarded. You are dead. Miscellaneous: You never encountered a bones level. Total elapsed playing time was 41 minutes and 30 seconds. Vanquished creatures: a small mimic 2 watchmen 2 shriekers a gnome leader a gnomish wizard a little dog a kitten 6 dwarves 5 homunculi an orc zombie 3 dwarf zombies a wererat a werejackal 5 iguanas 2 acid blobs 2 gas spores 8 hobbits 4 manes 6 giant rats a cave spider a brown mold 3 yellow molds a green mold 4 gnomes a gnome zombie 6 geckos 6 jackals 3 foxes a kobold 4 goblins 5 sewer rats 8 grid bugs 4 lichens 3 kobold zombies 15 newts 119 creatures vanquished. No species were genocided or became extinct. Voluntary challenges: You were illiterate. You never engraved Elbereth. You never genocided any monsters. You never polymorphed an object. You never changed form. You used no wishes. Achievements: You entered a shop. You entered the Gnomish Mines. You entered Minetown. You entered a temple. The Dungeons of Doom: levels 1 to 3 Level 1: An altar to Hermes. Level 2: A fountain, a sink. Level 3: An armor shop, an altar. Stairs down to The Gnomish Mines. The Gnomish Mines: levels 4 to 6 Level 4: Level 5: <- You were here. Final resting place for you, died of starvation, while fainted. Level 6: Many shops, a temple, some fountains. Game over: ---------- / \ / REST \ / IN \ / PEACE \ / \ | pescepalla | | 0 Au | | died of | | starvation | | | | | | 2022 | *| * * * | * _________)/\\_//(\/(/\)/\//\/|_)_______ Goodbye pescepalla the Healer... You starved in The Gnomish Mines on dungeon level 5 with 322 points, and 0 pieces of gold, after 5379 moves. You were level 1 with a maximum of 20 hit points when you starved.